 Dungeon Crawl Stone Soup version 0.19-a0-1097-g38e3b35 (webtiles) character file.

25 FrancescoMac the Magician (level 2, -10/15 HPs)
             Began as a Deep Elf Wizard on Aug 8, 2016.
             Mangled by Sigmund
             ... wielding a cursed -3 scythe
              (11 damage)
             ... on level 2 of the Dungeon.
             The game lasted 00:06:12 (1279 turns).

FrancescoMac the Magician (Deep Elf Wizard)         Turns: 1279, Time: 00:06:13

Health: -10/15     AC:  2    Str:  4    XL:     2   Next: 86%
Magic:  6/9        EV: 13    Int: 22    God:
Gold:   6          SH:  0    Dex: 13    Spells: 2 memorised, 7 levels left

rFire  . . .     SeeInvis .     (no weapon)
rCold  . . .     Gourm    .     a - +0 robe
rNeg   . . .     Faith    .     (no shield)
rPois  .         Spirit   .     b - +0 hat
rElec  .         Dismiss  .     (no cloak)
rCorr  .         Reflect  .     (no gloves)
SustAt .         Harm     .     (no boots)
MR     .....                    (no amulet)
Stlth  ++........               (no ring)
                                (no ring)

@:
A: no striking features
a: no special abilities


You were on level 2 of the Dungeon.
You were not hungry.

You visited 1 branch of the dungeon, and saw 2 of its levels.

You collected 6 gold pieces.

Inventory:

Armour
 a - a +0 robe (worn)
 b - a +0 hat (worn)
Scrolls
 e - a scroll of noise {unknown}
 f - 3 scrolls of remove curse {unknown}
 h - a scroll of identify {unknown}
 j - 2 scrolls of recharging {unknown}
 k - a scroll of blinking {unknown}
Potions
 g - a potion of might {unknown}
Books
 c - a book of Minor Magic

   Spells                             Type                      Level
   a - Magic Dart                     Conjuration                  1
   b - Blink                          Translocation                2
   c - Call Imp                       Summoning                    2
   d - Repel Missiles                 Charms/Air                   2
   e - Slow                           Hexes                        2
   f - Conjure Flame                  Conjuration/Fire             3
   g - Mephitic Cloud                 Conjuration/Poison/Air       3
Comestibles
 d - a bread ration
 i - 2 chunks of flesh


   Skills:
 + Level 2.8 Dodging
 + Level 3.1 Stealth
 + Level 4.6 Spellcasting
 + Level 2.0 Conjurations
 + Level 1.2 Summonings
   Level 1.1 Translocations


You had 7 spell levels left.
You knew the following spells:

 Your Spells              Type           Power        Failure   Level  Hunger
a - Magic Dart            Conj           ##..         6%          1    None
b - Call Imp              Summ           ##......     12%         2    None


Dungeon Overview and Level Annotations

Branches:
Dungeon (2/15)

Altars:

Annotations:
D:2 Sigmund


Message History

Confirm with . or Enter, or press ? or * to list all spells.
A beastly little devil appears in a puff of flame.
Sigmund gestures wildly while chanting.
Sigmund flickers and vanishes!
You hear a zap.
Your shadow imp evaporates and reforms as a quasit!
Something hits you. Something hits you!
* * * LOW HITPOINT WARNING * * *
There is a stone staircase leading up here.
You see here a club.
A magic dart appears from out of thin air!
The magic dart hits your quasit.
You hear some strange, mumbled words.
Your quasit appears confused.
Some of the chunks of flesh in your inventory have rotted away.
Your quasit bites something.
Your quasit barely misses something. x2
Something hits you!
Ouch! That really hurt!
You die...

#.#.###.####.....
.........†.......
....#.#.####.....
## ##.#.# ### ..#.#
##.#.# #)#.#
#.#.###### #
#@5..)...#
#.#.5..)...# .
#..........####....
###................
#......+########+
#.####.# #.. ..#
#.. ...# #......#


You could see a friendly quasit (confused) and a friendly crimson imp.

Vanquished Creatures
  A dart slug (D:1)
  A giant cockroach (D:1)
  3 goblins (D:1)
  A hobgoblin (D:1)
  A kobold (D:1)
  A giant newt (D:1)
  A rat (D:1)
9 creatures vanquished.

Vanquished Creatures (collateral kills)
  5 hobgoblins
  4 jackals (D:1)
  3 bats
  A giant newt (D:1)
  3 goblins (D:1)
  2 kobolds (D:1)
  A rat (D:1)
19 creatures vanquished.

Grand Total: 28 creatures vanquished

Notes
Turn   | Place    | Note
-------+----------+-------------------------------------------
     0 | D:1      | FrancescoMac the Deep Elf Wizard began the quest for the Orb.
     0 | D:1      | Reached XP level 1. HP: 10/10 MP: 7/7
   113 | D:1      | Reached XP level 2. HP: 15/15 MP: 2/9
   260 | D:1      | Learned a level 2 spell: Call Imp
  1101 | D:2      | Noticed Sigmund
  1279 | D:2      | Mangled by Sigmund

Vault maps used:
D:1:      dpeg_arrival_shelter
D:2:      nemelex_xobeh_ov_fountains_minmay, minivault_11, uniq_sigmund

Skill      XL: |  1  2 |
---------------+-------+-----
Conjurations   | 2 |  2.0
Stealth        | 3 |  3.1
Dodging        | |  2.8
Spellcasting   | |  4.6
Summonings     | |  1.2
Translocations | |  1.1

Action                   || total
-------------------------++-------
Melee: Unarmed           ||    16
 Cast: Magic Dart        ||    20
       Call Imp          ||    29
  Eat: Chunk             ||     1
Armor: Robe              ||     4
Dodge: Dodged            ||    10
